 Dungeon Crawl Stone Soup version 0.30.1-3-gfc49f6343a (webtiles) character file.

Game seed: 11991102186540698394

172 cdecastro the Changer (level 5, -2/40 HPs)
             Began as a Draconian Transmuter on Aug 9, 2023.
             Was an Initiate of Yredelemnul.
             Slain by a jelly (3 damage)
             ... on level 4 of the Dungeon.
             The game lasted 00:06:14 (2487 turns).

cdecastro the Changer (Draconian Transmuter)        Turns: 2487, Time: 00:06:15

Health: -2/40      AC: -7    Str: 13    XL:     5   Next: 27%
Magic:  8/8        EV: 12    Int: 15    God:    Yredelemnul [......]
Gold:   137        SH:  0    Dex: 17    Spells: 2/8 levels left

rFire   . .          .
                       - Unarmed
rCold   . . .        (no shield)
rNeg    . . .        (body armour unavailable)
rPois   .            n - melded +1 hat
rElec   .            (no cloak)
rCorr   .            (no gloves)
SInv    .            (boots currently unavailable)
Will    .....        (no amulet)
Stlth   ++           f - +6 ring of dexterity
HPRegen 0.26/turn    (no ring)
MPRegen 0.11/turn

%: no passive effects
@: appendages, corroded
A: horns 2, talons 2, AC +5, unfitting armour, cold-blooded
a: End Transformation, Renounce Religion, Recall Undead Harvest


You were on level 4 of the Dungeon.
You worshipped Yredelemnul.
Yredelemnul was noncommittal.
You had temporarily grown beastly horns and talons.
You visited 2 branches of the dungeon, and saw 5 of its levels.

You collected 137 gold pieces.

Inventory:

Missiles
 F - 12 poisoned darts
Armour
 n - a +1 hat (melded)
Jewellery
 f - a +6 ring of dexterity (left hand)
 s - a ring of positive energy
Scrolls
 c - a scroll of fog {unknown}
 d - 2 scrolls of summoning {unknown}
 e - a scroll of brand weapon {unknown}
 h - 2 scrolls of magic mapping {unknown}
 j - 2 scrolls of poison {unknown}
 k - a scroll of blinking {unknown}
 p - 2 scrolls of immolation {unknown}
 q - a scroll of noise {unknown}
Potions
 a - 3 potions of lignification
 b - 2 potions of heal wounds {unknown}
 g - 2 potions of curing {unknown}
 i - a potion of mutation {unknown}
 l - a potion of ambrosia {unknown}
 m - 3 potions of attraction {unknown}
 o - 2 potions of might {unknown}
 r - a potion of degeneration {unknown}


   Skills:
 - Level 1.1 Fighting
 - Level 1.7 Dodging
 - Level 3.0 Unarmed Combat
 - Level 2.0 Spellcasting
 + Level 5.6 Transmutations


You had 2 spell levels left.
You knew the following spells:

 Your Spells              Type           Power      Damage    Failure   Level
a - Beastly Appendage     Tmut           36%        N/A       2%          1
b - Wereblood             Tmut           18%        N/A       3%          2
c - Spider Form           Tmut/Pois      9%         N/A       22%         3

Your spell library contained the following spells:

 Spells                   Type           Power      Damage    Failure   Level
 Ice Form                 Ice/Tmut       9%         N/A       56%         4


Dungeon Overview and Level Annotations

Branches:
Dungeon (4/15)             Temple (1/1) D:4

Altars:
Ashenzari
Dithmenos
Elyvilon
Fedhas
Gozag
Hepliaklqana
Kikubaaqudgha
Nemelex Xobeh
Qazlal
Ru
Vehumet
Xom
Yredelemnul
Zin


Innate Abilities, Weirdness & Mutations

You have temporarily grown beastly horns and talons.
Your plain brown scales are hard. (AC +5)
You cannot fit into any form of body armour.
You are cold-blooded and may be slowed by cold attacks.


Message History

You now have 131 gold pieces (gained 4).
You now have 137 gold pieces (gained 6).
A jelly comes into view.
Casting: Beastly Appendage (safe; 2% risk of failure)
Press: ? - help, Q - select action, (/) - cycle Dir - look around, f - activate You grow a pair of large bovine horns.
Your feet morph into talons.
Your +1 hat melds into your body.
Unknown command.
The helpless jelly fails to defend itself.
You hit the jelly. The acid corrodes you!
Your hands burn!
You claw the jelly.
You headbutt the jelly, but do no damage.
The jelly is lightly wounded.
The jelly hits you. The acid corrodes you!
You are splashed with acid!
You hit the jelly but do no damage.
Your hands burn!
You claw the jelly.
The jelly is heavily wounded.
The jelly hits you. The acid corrodes you!
You are splashed with acid!
* * * LOW HITPOINT WARNING * * *
You hit the jelly but do no damage.
Your hands burn!
* * * LOW HITPOINT WARNING * * *
You tail-slap the jelly, but do no damage.
The jelly is heavily wounded.
The jelly barely misses you.
You hit the jelly but do no damage.
Your hands burn!
* * * LOW HITPOINT WARNING * * *
You headbutt the jelly, but do no damage.
You tail-slap the jelly.
The jelly is heavily wounded.
The jelly misses you.
You hit the jelly. The acid corrodes you!
Your hands burn!
* * * LOW HITPOINT WARNING * * *
Your headbutt misses the jelly.
The jelly is severely wounded.
The jelly barely misses you.
You hit the jelly but do no damage.
Your hands burn!
* * * LOW HITPOINT WARNING * * *
You claw the jelly.
The jelly is almost dead.
The jelly hits you.
You die...
Your body rises from the dead as a mindless zombie.

#....~§~
#.###§~~
#.###.~§
#.##...~
#......#
######.# #.#
..######### #.#
#.....J@..# #.#
#..######.# #.#
#.# #.# #.# #.#
#.############.#
#..............#
################


You could see a jelly.

Vanquished Creatures
  A scorpion (D:4)
  5 adders
  A worm (D:3)
  A dart slug (D:3)
  4 bats
  4 endoplasms
  2 giant cockroaches
  7 goblins
  7 hobgoblins
  8 jackals (D:2)
  4 kobolds
  A quokka (D:3)
  5 ball pythons
  4 frilled lizards
  2 rats
56 creatures vanquished.

Notes
Turn   | Place    | Note
-------+----------+-------------------------------------------
     0 | D:1      | cdecastro the Draconian Transmuter began the quest for the
                  | Orb.
     0 | D:1      | Reached XP level 1. HP: 16/16 MP: 3/3
   209 | D:1      | Reached XP level 2. HP: 23/23 MP: 3/5
   309 | D:1      | Reached skill level 3 in Transmutations
   737 | D:2      | Learned a level 2 spell: Wereblood
   763 | D:2      | Reached XP level 3. HP: 20/28 MP: 4/6
   822 | D:2      | Reached skill level 4 in Transmutations
   828 | D:2      | Learned a level 3 spell: Spider Form
  1016 | D:2      | Reached XP level 4. HP: 35/35 MP: 7/7
  1875 | D:3      | Found a broken altar of Ashenzari.
  2268 | D:4      | Noticed a scorpion
  2276 | D:4      | Killed a scorpion
  2277 | D:4      | Reached skill level 5 in Transmutations
  2277 | D:4      | Reached XP level 5. HP: 39/40 MP: 6/8
  2321 | D:4      | Found a staircase to the Ecumenical Temple.
  2346 | Temple   | Entered the Ecumenical Temple
  2355 | Temple   | Became a worshipper of Yredelemnul the Dark
  2486 | D:4      | HP: 1/40 [acid (4)]
  2487 | D:4      | Slain by a jelly

Illustrated notes

Levels and vault maps discovered:
D:1:      ebering_trefoil_twist, layout_loops_cross
D:2:      layout_loops_ring
D:3:      layout_basic, evilmike_ruin_ashenzari, minmay_misc_feat_secret_circle
D:4:      layout_loops_ring, minmay_temple_entry_mist, kennysheep_nub,
          uniq_menkaure
Temple:   dshaligram_water_room_temple

Skill      XL: |  1  2  3  4 |
---------------+-------------+-----
Transmutations | 3 4 5 |  5.6
Fighting       | |  1.1
Dodging        | |  1.7
Unarmed Combat | |  3.0
Spellcasting   | |  2.0

Action                     |  1- 3 |  4- 6 || total
---------------------------+-------+-------++-------
  Melee: Unarmed           |    88 |    53 ||   141
         Kick              |     9 |    20 ||    29
         Tailslap          |     9 |     9 ||    18
         Headbutt          |     5 |    10 ||    15
         Punch             |     1 |       ||     1
  Throw: Dart              |       |     4 ||     4
   Cast: Beastly Appendage |    20 |    17 ||    37
         Wereblood         |     3 |       ||     3
   Stab: Sleeping          |     1 |     3 ||     4
 Armour: Skin              |    24 |     9 ||    33
  Dodge: Dodged            |    56 |    25 ||    81
